 Dungeon Crawl Stone Soup version 0.24.0-125-gc4c63601f3 (webtiles) character file.

Game seed: 3199330903102630469, levelgen mode: deterministic

97022 Sennar25 the Demonic Cataclysm (level 15, 0/113 HPs)
             Began as a Demonspawn Fighter on Mar 17, 2020.
             Was a High Priest of Qazlal.
             Slain by a vampire mosquito (7 damage)
             ... on level 14 of the Dungeon on Mar 18, 2020.
             The game lasted 02:39:04 (25595 turns).

Sennar25 the Demonic Cataclysm (DsFi)              Turns: 25595, Time: 02:39:05

Health: 0/113      AC: 35    Str: 27    XL:     15   Next: 70%
Magic:  10/26      EV:  5    Int: 10    God:    Qazlal [*****.]
Gold:   1861       SH: 21    Dex: 16    Spells: 15/17 levels left

rFire    + + +     SeeInvis .   G - +2 eveningstar (venom)
rCold    + . .     Gourm    .   N - +0 shield {reflect}
rNeg     . . .     Faith    .   c - +6 crystal plate armour of Pexu Sut {rF+ MR+}
rPois    +         Spirit   .   B - +0 hat "Weshriul" {Str+4 Dex+2}
rElec    .         Reflect  +   j - +2 cloak
rCorr    .         Harm     .   z - +3 pair of gauntlets of War {Slay+5}
MR       +++..                  w - +0 pair of boots
Stlth    ..........             u - amulet of Zunuv {rF++ Regen+ Dex+2}
HPRegen  0.68/turn              J - ring of protection from magic
MPRegen  0.20/turn              m - ring of poison resistance

@: lethally poisoned (0 -> -3), protected from cold, corroded, repel missiles
A: antennae 2, icy blue scales 2, demonic guardian 2, fire resistance 1, foul
stench 2, rot immunity, flame cloud immunity
a: Upheaval, Elemental Force, Disaster Area, Renounce Religion


You were on level 14 of the Dungeon.
You worshipped Qazlal.
Qazlal was extremely pleased with you.
You were not hungry.

You visited 5 branches of the dungeon, and saw 25 of its levels.
You also visited: Gauntlet and Volcano.

You collected 3153 gold pieces.
You spent 1292 gold pieces at shops.


Innate Abilities, Weirdness & Mutations

You have a pair of antennae on your head.
You are mostly covered in icy blue scales. (AC +3)
A demonic guardian rushes to your aid.
Your flesh is heat resistant. (rF+)
You frequently emit foul miasma when damaged in melee.
You are immune to rotting.
You are immune to clouds of flame.


   Skills:
 + Level 9.2 Fighting
   Level 2.8(10.4) Axes
 + Level 14.9(15.0) Maces & Flails
 - Level 10.5 Armour
 + Level 12.8 Shields
 + Level 1.7 Spellcasting
 + Level 1.7 Translocations
 - Level 15.0 Invocations


You had 15 spell levels left.
You knew the following spells:

 Your Spells              Type           Power        Failure   Level  Hunger
b - Blink                 Tloc           N/A          100%        2    ###....

Your spell library contained the following spells:

 Spells                   Type           Power        Failure   Level  Hunger
 Animate Skeleton         Necr           N/A          100%        1    ##.....
 Apportation              Tloc           #.....       100%        1    ##.....
 Confusing Touch          Hex            #.....       100%        1    ##.....
 Magic Dart               Conj           #...         100%        1    ##.....
 Summon Small Mammal      Summ           #...         100%        1    ##.....
 Call Imp                 Summ           #.......     100%        2    ###....
 Ensorcelled Hibernation  Hex/Ice        #.....       100%        2    ###....
 Slow                     Hex            #.......     100%        2    ###....
 Call Canine Familiar     Summ           #.......     100%        3    ####...
 Conjure Flame            Conj/Fire      #.......     100%        3    ####...
 Mephitic Cloud           Conj/Pois/Air  #.......     100%        3    ####...
 Summon Guardian Golem    Hex/Summ       #.......     100%        3    ####...
 Summon Ice Beast         Ice/Summ       #.......     100%        4    #####..
 Summon Lightning Spire   Summ/Air       #.......     100%        4    #####..
 Borgnjor's Vile Clutch   Necr/Erth      #.........   100%        5    ######.
 Irradiate                Conj/Tmut      #.........   100%        5    ######.
 Silence                  Hex/Air        #.........   100%        5    ######.
 Darkness                 Hex            #.........   100%        6    #######
 Hydra Form               Tmut           #.........   100%        6    #######
 Shadow Creatures         Summ           N/A          100%        6    #######
 Statue Form              Tmut/Erth      #........    100%        6    #######
 Dragon Form              Tmut           #.........   100%        7    #######


Dungeon Overview and Level Annotations

Branches:
Dungeon (14/15)            Temple (1/1) D:4            Lair (6/6) D:10
  Swamp (0/4) Lair:4        Snake (2/4) Lair:3        Slime (0/5) Lair:5
    Orc (2/2) D:12            Elf (0/3) Orc:2       Volcano (visited)
Gauntlet (visited)
 Vaults: D:13-14

Altars:
Ashenzari
Cheibriados
Dithmenos
Elyvilon
Fedhas
Gozag
Hepliaklqana
Kikubaaqudgha
Makhleb
Nemelex Xobeh
Okawaru
Qazlal
Ru
Sif Muna
Trog
Uskayaw
Vehumet
Wu Jian
Xom
Yredelemnul
Zin
The Shining One

Shops:
D:8 [   D:9 %   D:10 (   Orc:2 ?!=}   Snake:2 (

Portals:
Hell: Lair:6

Annotations:
D:5 Ghost, teukkam's ghost, novice MfGl
Lair:5 exclusion: 2 oklob plants

Inventory:

Hand Weapons
 G - a +2 eveningstar of venom (weapon)
   (You took it off Urug on level 11 of the Dungeon)
Missiles
 a - 45 boomerangs
 e - 33 poisoned darts (quivered)
 h - 5 boomerangs of dispersal {!f}
Armour
 c - the +6 crystal plate armour of Pexu Sut (worn) {rF+ MR+}
   (You acquired it on level 3 of the Lair of Beasts)

   It protects you from fire.
   It affects your resistance to hostile enchantments.
 j - a +2 cloak (worn)
   (You found it on level 1 of the Snake Pit)
 w - a +0 pair of boots (worn)
   (You found it on level 3 of the Dungeon)
 z - the +3 pair of gauntlets of War (worn) {Slay+5}
   (You found it on level 5 of the Lair of Beasts)

   It affects your accuracy and damage with ranged weapons and melee attacks
   (+5).
 B - the +0 hat "Weshriul" (worn) {Str+4 Dex+2}
   (You found it on level 11 of the Dungeon)

   It affects your strength (+4).
   It affects your dexterity (+2).
 N - a +0 shield of reflection (worn)
   (You took it off Donald on level 2 of the Orcish Mines)
 Z - +0 acid dragon scales
   (You found it on level 11 of the Dungeon)
Jewellery
 m - a ring of poison resistance (right hand)
   (You found it on level 1 of the Dungeon)
 q - an uncursed ring of flight
   (You found it on level 4 of the Dungeon)
 u - the amulet of Zunuv (around neck) {rF++ Regen+ Dex+2}
   (You found it on level 10 of the Dungeon)

   [amulet of regeneration]

   It affects your dexterity (+2).
   It greatly protects you from fire.
   It increases your rate of regeneration.
 C - an uncursed amulet of guardian spirit
   (You found it on level 12 of the Dungeon)
 F - an uncursed ring of positive energy
   (You found it on level 12 of the Dungeon)
 J - a ring of protection from magic (left hand)
   (You found it on level 11 of the Dungeon)
Wands
 d - a wand of iceblast (15)
   (You found it on level 4 of the Dungeon)
 n - a wand of clouds (4)
   (You found it on level 7 of the Dungeon)
 v - a wand of paralysis (3)
   (You took it off Maurice on level 11 of the Dungeon)
 H - a wand of polymorph (5)
   (You took it off Urug on level 11 of the Dungeon)
 I - a wand of scattershot (2)
   (You took it off Josephine on level 2 of the Orcish Mines)
 U - a wand of enslavement (11)
   (You found it on level 6 of the Lair of Beasts)
 X - a wand of disintegration (32)
   (You found it on level 4 of the Lair of Beasts)
Scrolls
 b - 3 scrolls of enchant weapon
 i - 14 scrolls of teleportation {@r4}
 k - 2 scrolls of immolation {!r}
 o - 6 scrolls of remove curse {@r2}
 s - 2 scrolls of blinking
 y - 5 scrolls of amnesia
 K - a scroll of fog
 M - 2 scrolls of vulnerability {unknown}
 P - 4 scrolls of magic mapping
 Q - a scroll of enchant armour
 S - 2 scrolls of noise {unknown}
 T - a scroll of brand weapon
Potions
 g - 3 potions of ambrosia
 l - 3 potions of curing {@q1}
 p - a potion of flight
 r - 2 potions of lignification {!q}
 t - a potion of invisibility
 x - 4 potions of resistance
 A - a potion of experience {unknown}
 D - a potion of berserk rage {unknown}
 E - 3 potions of haste {@q3}
 L - 4 potions of heal wounds {@q2}
 O - 3 potions of agility
 R - a potion of magic
 W - 2 potions of brilliance {unknown}
Comestibles
 f - 23 rations

*,,,,,,,,,,,,,,,,,,,,,,*****
*,,,...............,,,**
*,,,................,,*
*,,,................,,*
******,,,......≈..≈.≈....,,*
,,,,,,,,,................,,*
****,,,,,.....§.°○3≈≈....,,*
,,,,,,,,,..≈≈†..EE>./....,,*
***+****+**#...E@[§......,,*
**,,,,*,,,*#≈EEyEE.......,,*
*,****,*,*,#WlZ.).°≈.....,,*
**,,,,,*,#.W..°<.......#.,,****
,,****,,*.C#.J..<.....##*,,,,,*
,*,,,,*,*J*#≈.....##..#**,,**,*
,,,**,,*,,,#≈###..#*#..#,,***,*
,,**,,,,,,*#D**#...**≈≈..,**,,***
,,*,,,*,,,,',**.....,,...,,,,,,,*


You could see an eight-headed hydra, 2 slime creatures, a cyclops, a komodo
dragon shaped shifter, 2 wraiths, a vampire mosquito, a wolf spider zombie, a
friendly soul eater, 2 friendly earth elementals, a friendly water elemental, 3
friendly fire elementals and a friendly air elemental.


Message History

Your fire elemental closely misses the ice dragon.
Your fire elemental hits the vampire mosquito.
Your fire elemental burns the vampire mosquito!
You closely miss the ice dragon.
The ice dragon is severely wounded.
You feel sick.
The wolf spider hits you but does no damage.
The wolf spider bites you but does no damage.
Your water elemental hits the ice dragon.
The komodo dragon bites your fire elemental.
The ice dragon breathes frost at you. The blast of cold hits you!!!
Your resistance to physical damage fades away.
You feel protected from cold.
* * * LOW HITPOINT WARNING * * *
The shadow imp picks up a beetle and eats it.
Your air elemental hits the ice dragon.
Your fire elemental hits the komodo dragon.
Your fire elemental burns the komodo dragon!
You block the two-headed ogre's attack.
The two-headed ogre hits you but does no damage.
Your fire elemental hits the wolf spider.
Your fire elemental burns the wolf spider!
The wolf spider dies!
Qazlal accepts your kill.
Your fire elemental hits the ice dragon.
Your fire elemental burns the ice dragon!
The ice dragon is burned terribly!
You catch the helpless ice dragon completely off-guard!
You hit the ice dragon but do no damage.
The ice dragon is poisoned.
The ice dragon is almost dead.
You feel sick.
You kill the ice dragon!
Qazlal accepts your kill.
Your air elemental hits the two-headed ogre!
A slime creature comes into view.
The komodo dragon bites your fire elemental!
Your air elemental hits the two-headed ogre!
The two-headed ogre dies!
Qazlal accepts your kill.
You block the vampire mosquito's attack.
Your fire elemental hits the komodo dragon.
Your fire elemental burns the komodo dragon!
You closely miss the vampire mosquito.
The vampire mosquito is heavily damaged.
You feel sick.
You hear a shout! x3
The vampire mosquito bites you!
You die...

Levels and vault maps discovered:
D:1:      wander_arrival_fairy_ring, layout_basic,
          chequers_serial_rivers_large_a, nrook_campfire,
          hangedman_abyss_or_decor_stabs
D:2:      layout_basic, eino_tiny_chamber
D:3:      layout_basic, first_ration
D:4:      layout_basic, minmay_temple_entry_fiery, uniq_blork_the_orc,
          uniq_robin, uniq_menkaure, uniq_sigmund
D:5:      layout_basic, ebering_ghost_sewer_f, uniq_duvessa,
          uniq_prince_ribbit1, uniq_eustachio
D:6:      layout_basic
D:7:      layout_gridville, zin_treasury
D:8:      layout_loops_ring, serial_shops,
          nicolae_shop_temple_entry_statues_fountains, uniq_harold
D:9:      layout_roguey, gammafunk_ghost_hive, serial_shops, shop
D:10:     layout_grid_maze, lair_entry_dummy, serial_shops, shop,
          david_nohive_1, hangedman_decor_growths, uniq_joseph
D:11:     gammafunk_cloud_chamber, layout_gridville, amethyst_killhole,
          uniq_maurice, uniq_urug, uniq_erolcha
D:12:     layout_long_grid, david_orc_4, roderic_roman_lattice, uniq_nessos
D:13:     nooodl_glass_maze, layout_long_grid, minmay_checkerbox
D:14:     minmay_the_grid_square_5x5_4x4_mashed
          [minmay_the_grid_square_5x5_almost_minimal,
          minmay_the_grid_square_5x5_percent, minmay_the_grid_square_5x5_six,
          minmay_the_grid_square_5x5_tetrominoes,
          minmay_the_grid_square_5x5_inner_v,
          minmay_the_grid_square_5x5_prize_gold,
          minmay_the_grid_square_5x5_prize_junk,
          minmay_the_grid_square_5x5_forky, minmay_the_grid_square_5x5_mess,
          minmay_the_grid_square_5x5_prize_pseudospiral,
          minmay_the_grid_square_5x5_prize_rear_guard,
          minmay_the_grid_square_5x5_three_walls, minmay_the_grid_square_5x5_v,
          minmay_the_grid_square_5x5_three_small,
          minmay_the_grid_square_5x5_longway, minmay_the_grid_square_5x5_meh],
          layout_long_grid, grunt_vaults_entry_fortified,
          portal_ice_cave_entry_pillars_2, minmay_misc_feat_iff,
          nicolae_dithmenos_shadow_blocks
Temple:   nicolae_temple_the_god_donut
Lair:1:   layout_loops_ring, uniq_sonja, uniq_grum
Lair:2:   layout_regular_city
Lair:3:   layout_regular_city, dummy_snake_entry, grunt_forest_large_clearings
Lair:4:   layout_hall_layers, minmay_swamp_entry_swarm,
          lightli_volcano_entry_magma_tube
Lair:5:   pond_and_an_island_with_a_cottage, layout_regular_city,
          minmay_slime_entry_oklob_enclosed, serial_forest,
          infiniplex_forest_lined_corner, infiniplex_forest_straight_4,
          infiniplex_forest_lined_corner, infiniplex_forest_clump_tiny,
          infiniplex_forest_zigzag_1, infiniplex_forest_clump_medium,
          infiniplex_forest_lined_3, infiniplex_forest_lined_4_way,
          infiniplex_forest_lined_2
Lair:6:   evil_forest, layout_hall_layers
Snake:1:  layout_honeycomb
Snake:2:  layout_grid_maze, serial_shops, shop, uniq_agnes
Orc:1:    layout_caves, serial_shops, basic_altar
Orc:2:    st_orc_mages, layout_diamond_mine, gauntlet_entry_generic,
          nicolae_orc_pool_cavern, mines_bat_river, uniq_josephine, uniq_donald,
          uniq_azrael

Vanquished Creatures
  Agnes (Snake:2)
  Nessos (D:12)
  A dire elephant (Lair:6)
  Josephine (Orc:2)
  A great orb of eyes (D:14)
  A naga warrior (Snake:1)
  Harold (D:8)
  Erolcha (D:11)
  An ice dragon (D:14)
  3 hydras
  3 anacondas (Snake:2)
  A centaur warrior (D:13)
  3 two-headed ogres
  The ghost of ttag the Cleaver, a novice MiFi of Trog (D:9)
  3 death yaks (Lair:5)
  Urug (D:11)
  3 shock serpents
  3 naga sharpshooters (Snake:2)
  A sun demon (Lair:6)
  2 salamander mystics (Snake:2)
  An unseen horror (D:14)
  A naga ritualist (Snake:2)
  A wizard (Lair:6)
  A necromancer (Lair:5)
  6 mana vipers
  An ugly thing (D:11)
  2 wolf spiders
  A deep elf mage (D:13)
  An oklob plant (Lair:5)
  A manticore (D:14)
  8 salamanders (Snake:2)
  4 orc sorcerers
  4 molten gargoyles (Volcano)
  Maurice (D:11)
  4 elephants
  10 black mambas
  2 centaur zombies
  Joseph (D:10)
  A naga mage (Snake:2)
  An orange demon (Lair:6)
  3 gargoyles
  8 spiny frogs
  4 rime drakes
  11 komodo dragons
  3 efreet (Volcano)
  An ice devil (Lair:6)
  A polar bear (Lair:6)
  2 red devils (Lair:6)
  4 trolls
  2 queen bees
  13 blink frogs
  8 hippogriffs
  4 slime creatures
  Sigmund (D:4)
  5 wyverns
  4 wraiths
  A shadow (D:13)
  A redback (D:14)
  47 yaks
  2 hungry ghosts
  6 fire elementals
  5 basilisks
  Grum (Lair:1)
  5 vampire mosquitoes
  A warg (Orc:2)
  Menkaure (D:4)
  6 hell hounds
  5 acid dragons
  10 water moccasins
  16 nagas
  Duvessa (D:5)
  19 orc warriors
  15 porcupines
  2 elephant zombies (Lair:5)
  4 ice beasts
  A black bear (D:6)
  A necrophage (D:10)
  4 sky beasts
  35 wolves
  2 ogres
  A phantom (D:6)
  7 centaurs
  7 crocodiles
  Blork the orc (D:4)
  18 bullfrogs
  Dowan (D:5)
  3 scorpions
  22 killer bees
  5 wights (D:12)
  2 electric eels (Lair:5)
  2 howler monkeys (D:13)
  3 crimson imps
  A quasit (D:13)
  4 bullfrog zombies
  18 orc priests
  A bullfrog skeleton (D:10)
  3 hounds
  6 jellies
  34 orc wizards
  2 basilisk zombies (Lair:5)
  2 centaur skeletons
  2 iguanas
  6 worker ants
  A crocodile zombie (Lair:5)
  A hound zombie (D:10)
  2 hound skeletons (D:6)
  Robin (D:4)
  A howler monkey zombie (D:11)
  A howler monkey skeleton (D:4)
  8 adders
  2 shadow imps
  An ooze (D:5)
  An adder skeleton (D:4)
  3 worms
  2 dart slugs
  5 leopard geckos
  93 orcs
  4 giant cockroaches
  13 goblins
  11 hobgoblins
  8 jackals
  6 quokkas
  A ball python (D:3)
  8 bats
  6 frilled lizards
  8 kobolds
  A quokka skeleton (D:5)
  5 rats
  A fire vortex (Volcano)
695 creatures vanquished.

Vanquished Creatures (collateral kills)
  Donald (Orc:2)
  Azrael (Orc:2)
  2 hydras
  2 anacondas (Snake:2)
  4 two-headed ogres
  3 death yaks (Lair:5)
  A naga sharpshooter (Snake:2)
  An orc high priest (Orc:2)
  Sonja (Lair:1)
  A naga ritualist (Snake:2)
  A lindwurm (Volcano)
  A deep elf mage (D:14)
  A salamander (Snake:2)
  An orc sorcerer (Orc:2)
  2 mana vipers (Snake:2)
  An ugly thing (D:14)
  A wolf spider (D:14)
  A black mamba (Snake:2)
  An elephant (Lair:6)
  A molten gargoyle (Volcano)
  An orange demon (Lair:6)
  2 spiny frogs (Lair:1)
  A hellwing (Lair:6)
  A troll (D:9)
  Prince Ribbit (D:5)
  5 blink frogs
  2 hippogriffs
  3 slime creatures (D:12)
  Eustachio (D:5)
  2 fire elementals
  A wyvern (D:14)
  A basilisk (Lair:1)
  8 yaks
  A vampire mosquito (Lair:4)
  A hell hound (Lair:6)
  A soldier ant (D:10)
  A water moccasin (Lair:4)
  2 porcupines
  5 ogres
  4 wolves (Lair:3)
  A phantom (D:14)
  A necrophage (D:5)
  A centaur (D:7)
  A crocodile (Lair:3)
  A bullfrog (D:6)
  An earth elemental (Volcano)
  A scorpion (D:12)
  6 killer bees
  A jelly (D:12)
  An orc priest (Orc:2)
  2 orc wizards
  9 orcs
  A ball python (D:5)
  A fire vortex (Volcano)
100 creatures vanquished.

Vanquished Creatures (others)
  A centaur (D:13)
  An orc priest (Orc:2)
  An orc (Orc:2)
  6 fungi
9 creatures vanquished.

Grand Total: 804 creatures vanquished

Table legend:
 A = Turns spent in this place as a percentage of turns spent in the entire game.
 B = Non-inter-level travel turns spent in this place as a percentage of non-inter-level travel turns spent in the entire game.
 C = Inter-level travel turns spent in this place as a percentage of turns spent in this place.
 D = Turns resting spent in this place as a percentage of non-inter-level travel turns spent in this place.
 E = Turns spent auto-exploring this place as a percentage of non-inter-level travel turns spent in this place.
 F = Non-inter-level travel turns spent in this place divided by the number of levels of this place that you've seen.
                   A       B       C       D       E      F
               +-------+-------+-------+-------+-------+----------------------
         Total | 100.0 | 100.0 |   8.5 |  15.8 |  52.7 | 867.9
       Dungeon |  56.4 |  56.0 |   9.2 |  18.3 |  50.3 | 936.8
        Temple |   1.0 |   1.1 |   5.7 |   0.0 |  94.4 | 249.0
          Lair |  24.4 |  24.0 |  10.0 |  10.6 |  60.7 | 937.5
     Snake Pit |   7.4 |   7.7 |   4.8 |  17.6 |  57.3 | 905.0
  Orcish Mines |   9.3 |   9.7 |   4.4 |  16.6 |  39.2 | 1132.5
       Volcano |   0.7 |   0.7 |   0.0 |   0.0 |   8.9 | 169.0
      Gauntlet |   0.8 |   0.8 |   0.0 |   0.0 |  75.9 | 199.0
               +-------+-------+-------+-------+-------+----------------------

Table legend:
 A = Kills in this place as a percentage of kills in entire the game.
 B = Kills by you in this place as a percentage of kills by you in the entire game.
 C = Kills by friends in this place as a percentage of kills by friends in the entire game.
 D = Other kills in this place as a percentage of other kills in the entire game.
 E = Experience gained in this place as a percentage of experience gained in the entire game.
 F = Experience gained in this place divided by the number of levels of this place that you have seen.
                   A       B       C       D       E      F
               +-------+-------+-------+-------+-------+----------------------
         Total | 100.0 | 100.0 | 100.0 | 100.0 | 100.0 | 5133.4
       Dungeon |  50.6 |  51.4 |  44.4 |  50.0 |  30.1 | 2983.1
          Lair |  27.7 |  27.1 |  32.3 |   0.0 |  36.2 | 8360.7
     Snake Pit |   7.8 |   7.8 |   8.1 |   0.0 |  22.3 | 15438.5
  Orcish Mines |  12.3 |  12.4 |  11.1 |  50.0 |   8.8 | 6081.5
       Volcano |   1.6 |   1.3 |   4.0 |   0.0 |   2.6 | 3636.0
               +-------+-------+-------+-------+-------+----------------------

Notes
Turn   | Place    | Note
-------+----------+-------------------------------------------
     0 | D:1      | Sennar25 the Demonspawn Fighter began the quest for the
                  | Orb.
     0 | D:1      | Reached XP level 1. HP: 18/18 MP: 1/1
    42 | D:1      | Reached skill level 2 in Axes
   196 | D:1      | Gained mutation: You are partially covered in icy blue
                  | scales. (AC +2) [demonic ancestry]
   196 | D:1      | Reached XP level 2. HP: 20/24 MP: 2/2
  1079 | D:2      | Reached skill level 1 in Maces & Flails
  1180 | D:2      | Gained mutation: A weak demonic guardian rushes to your
                  | aid. [demonic ancestry]
  1180 | D:2      | Reached XP level 3. HP: 23/29 MP: 3/3
  1476 | D:2      | You fall into a shaft and drop 2 floors!
  1513 | D:4      | Noticed an ogre
  1533 | D:4      | Killed an ogre
  1533 | D:4      | Reached skill level 3 in Maces & Flails
  1533 | D:4      | Reached XP level 4. HP: 32/35 MP: 4/4
  1620 | D:4      | Noticed Robin
  1663 | D:4      | Killed Robin
  1666 | D:4      | Gained mutation: You have a pair of small antennae on your
                  | head. [demonic ancestry]
  1666 | D:4      | Reached XP level 5. HP: 18/41 MP: 5/5
  1868 | D:4      | Noticed Menkaure
  2083 | D:3      | Reached skill level 4 in Maces & Flails
  3019 | D:3      | Gained mutation: You are mostly covered in icy blue scales.
                  | (AC +3) [demonic ancestry]
  3019 | D:3      | Reached XP level 6. HP: 42/47 MP: 6/6
  3220 | D:3      | Reached skill level 5 in Maces & Flails
  3590 | D:4      | Found a staircase to the Ecumenical Temple.
  3597 | Temple   | Entered the Ecumenical Temple
  3634 | Temple   | Became a worshipper of Qazlal Stormbringer
  3892 | D:4      | Noticed Blork the orc
  3904 | D:4      | Killed Blork the orc
  3916 | D:4      | Noticed Sigmund
  3934 | D:4      | Killed Sigmund
  3934 | D:4      | Reached skill level 6 in Maces & Flails
  4461 | D:4      | Killed Menkaure
  4461 | D:4      | Gained mutation: You are immune to rotting. [demonic
                  | ancestry]
  4461 | D:4      | Reached XP level 7. HP: 50/52 MP: 7/7
  4467 | D:5      | Entered Level 5 of the Dungeon
  4477 | D:5      | Noticed Eustachio
  4514 | D:5      | Killed Eustachio
  4514 | D:5      | Reached skill level 7 in Maces & Flails
  4552 | D:5      | Noticed Duvessa
  4563 | D:5      | Noticed Dowan
  4567 | D:5      | Killed Duvessa
  4578 | D:5      | Killed Dowan
  4701 | D:5      | Reached skill level 8 in Maces & Flails
  4887 | D:5      | Gained mutation: You may emit foul miasma when damaged in
                  | melee. [demonic ancestry]
  4887 | D:5      | Reached XP level 8. HP: 58/58 MP: 8/8
  5086 | D:5      | Found a runed translucent door.
  5089 | D:5      | Noticed teukkam's ghost (novice MfGl)
  5334 | D:5      | Noticed Prince Ribbit
  5340 | D:5      | Killed Prince Ribbit
  5666 | D:5      | Found a runed translucent door.
  5798 | D:6      | Reached * piety under Qazlal
  5895 | D:6      | Reached skill level 9 in Maces & Flails
  6265 | D:6      | Reached skill level 10 in Maces & Flails
  6466 | D:6      | Gained mutation: You have a pair of antennae on your head.
                  | [demonic ancestry]
  6466 | D:6      | Reached XP level 9. HP: 57/63 MP: 9/9
  7086 | D:7      | Reached ** piety under Qazlal
  7253 | D:7      | Reached skill level 11 in Maces & Flails
  7457 | D:7      | Found a glowing silver altar of Zin.
  7817 | D:8      | Reached skill level 1 in Invocations
  7867 | D:8      | Reached skill level 3 in Armour
  7867 | D:8      | Reached skill level 3 in Shields
  7878 | D:8      | Noticed Harold
  7906 | D:8      | Killed Harold
  7906 | D:8      | Reached skill level 3 in Invocations
  7906 | D:8      | Gained mutation: A demonic guardian rushes to your aid.
                  | [demonic ancestry]
  7906 | D:8      | Reached XP level 10. HP: 42/70 MP: 10/12
  8242 | D:8      | Found Geedimust's Armour Shop.
  8530 | D:9      | Found Ceudob's Food Emporium.
  8709 | D:9      | Reached skill level 4 in Armour
  8709 | D:9      | Reached skill level 4 in Shields
  8709 | D:9      | Reached skill level 4 in Invocations
  8863 | D:9      | Found a transporter.
  8867 | D:9      | Found a transporter.
  8868 | D:9      | Noticed ttag's ghost (novice MiFi)
  9153 | D:9      | Killed ttag's ghost
  9153 | D:9      | Reached skill level 5 in Invocations
  9158 | D:9      | Reached *** piety under Qazlal
  9158 | D:9      | Reached skill level 5 in Armour
  9158 | D:9      | Reached skill level 5 in Shields
  9248 | D:10     | Entered Level 10 of the Dungeon
  9261 | D:10     | Reached skill level 6 in Invocations
  9656 | D:10     | Reached skill level 7 in Invocations
  9710 | D:10     | HP: 13/70 [orc warrior/+0 dire flail (16)]
  9717 | D:10     | Reached skill level 6 in Armour
  9717 | D:10     | Reached skill level 6 in Shields
 10109 | D:9      | Reached XP level 11. HP: 75/75 MP: 16/16
 10217 | D:10     | Got a faintly glowing diamond amulet
 10218 | D:10     | Identified the amulet of Zunuv {rF++ Regen+ Dex+2} (You
                  | found it on level 10 of the Dungeon)
 10236 | D:10     | Found Qahome's Antique Weapon Boutique.
 10266 | D:10     | Found a staircase to the Lair.
 10377 | D:10     | Reached skill level 8 in Invocations
 10387 | D:10     | Reached **** piety under Qazlal
 10396 | D:10     | Noticed Joseph
 10410 | D:10     | Killed Joseph
 10810 | Lair:1   | Entered Level 1 of the Lair of Beasts
 10826 | Lair:1   | Noticed Grum
 10841 | Lair:1   | Killed Grum
 10898 | Lair:1   | Reached skill level 9 in Invocations
 10933 | Lair:1   | Reached skill level 7 in Armour
 10933 | Lair:1   | Reached skill level 7 in Shields
 11071 | Lair:1   | Noticed Sonja
 11089 | Lair:1   | Killed Sonja
 11352 | Lair:1   | Reached skill level 10 in Invocations
 11901 | D:11     | Noticed a two-headed ogre
 11907 | D:11     | Killed a two-headed ogre
 11907 | D:11     | Reached ***** piety under Qazlal
 11919 | D:11     | Found a transporter.
 11926 | D:11     | You fall into a shaft and drop 1 floor!
 11932 | D:12     | Reached skill level 8 in Armour
 11977 | D:12     | Reached skill level 8 in Shields
 12116 | D:11     | Noticed Urug
 12125 | D:11     | Noticed a five-headed hydra
 12133 | D:11     | Killed Urug
 12133 | D:11     | Gained mutation: Your flesh is heat resistant. (rF+)
                  | [demonic ancestry]
 12133 | D:11     | Reached XP level 12. HP: 73/81 MP: 18/20
 12139 | D:11     | Killed a five-headed hydra
 12158 | D:11     | Reached skill level 11 in Invocations
 12451 | D:11     | Found a transporter.
 12564 | D:11     | Noticed Maurice
 12576 | D:11     | Paralysed by something for 5 turns
 12595 | D:11     | Killed Maurice
 12642 | D:11     | Noticed Erolcha
 12665 | D:11     | Killed Erolcha
 13034 | D:12     | Noticed Nessos
 13087 | D:12     | Noticed a two-headed ogre
 13092 | D:12     | Noticed a two-headed ogre
 13093 | D:12     | Killed a two-headed ogre
 13105 | D:12     | Killed a two-headed ogre
 13312 | D:12     | Killed Nessos
 13312 | D:12     | Reached skill level 12 in Maces & Flails
 13350 | D:12     | Noticed a two-headed ogre
 13357 | D:12     | Killed a two-headed ogre
 13452 | D:12     | Reached skill level 9 in Armour
 13475 | D:12     | Reached skill level 9 in Shields
 13626 | D:12     | Found a staircase to the Orcish Mines.
 14270 | D:8      | Bought a +1 plate armour of cold resistance for 525 gold
                  | pieces
 14443 | Orc:1    | Entered Level 1 of the Orcish Mines
 14504 | Orc:1    | Found a burning altar of Makhleb.
 14585 | Orc:2    | Entered Level 2 of the Orcish Mines
 14590 | Orc:2    | Noticed Donald
 14623 | Orc:2    | Killed Donald
 14623 | Orc:2    | Reached skill level 12 in Invocations
 14717 | Orc:2    | Found a gate leading to a gauntlet.
 14729 | Gauntlet | Entered a Gauntlet
 14729 | Gauntlet | Found a transporter.
 14729 | Gauntlet | Found a transporter.
 14729 | Gauntlet | Noticed a death scarab
 14730 | Gauntlet | Found a transporter.
 14735 | Gauntlet | Noticed an ice dragon
 14735 | Gauntlet | a glowing orange brain changed into an ice dragon
 14738 | Gauntlet | Found a transporter.
 14739 | Gauntlet | Noticed a queen ant
 14739 | Gauntlet | an ice dragon changed into a queen ant
 14740 | Gauntlet | a queen ant changed into something unseen
 14742 | Gauntlet | Noticed a catoblepas
 14747 | Gauntlet | Found a transporter.
 14753 | Gauntlet | Found a transporter.
 14759 | Gauntlet | Found a transporter.
 14771 | Gauntlet | Found a transporter.
 14772 | Gauntlet | Found a transporter.
 14775 | Gauntlet | Found a transporter.
 14851 | Gauntlet | Found a transporter.
 14878 | Gauntlet | Found a transporter.
 15114 | Orc:1    | Paralysed by an orc sorcerer for 6 turns
 15407 | Orc:2    | Noticed Josephine
 15429 | Orc:2    | Killed Josephine
 15475 | Orc:2    | Noticed Azrael
 15490 | Orc:2    | Killed Azrael
 15527 | Orc:2    | Gained mutation: You are immune to clouds of flame.
                  | [demonic ancestry]
 15527 | Orc:2    | Reached XP level 13. HP: 41/86 MP: 22/22
 16386 | Orc:2    | Found Wimynodi's Distillery.
 16386 | Orc:2    | Found Gamyese's Magic Scroll Emporium.
 16387 | Orc:2    | Found Dairukaf's Jewellery Shoppe.
 16390 | Orc:2    | Found Osaeh's Gadget Shoppe.
 16393 | Orc:2    | Bought a potion of heal wounds for 75 gold pieces
 16393 | Orc:2    | Bought a potion of heal wounds for 75 gold pieces
 16393 | Orc:2    | Bought 2 potions of heal wounds for 150 gold pieces
 16393 | Orc:2    | Bought a potion of heal wounds for 75 gold pieces
 16398 | Orc:2    | Bought a scroll of identify for 28 gold pieces
 16398 | Orc:2    | Bought a scroll of enchant weapon for 105 gold pieces
 16398 | Orc:2    | Bought a scroll of identify for 28 gold pieces
 16398 | Orc:2    | Bought a scroll of identify for 28 gold pieces
 16398 | Orc:2    | Bought a scroll of magic mapping for 49 gold pieces
 16398 | Orc:2    | Bought a scroll of magic mapping for 49 gold pieces
 16398 | Orc:2    | Bought a scroll of enchant armour for 105 gold pieces
 16470 | Orc:2    | Found a staircase to the Elven Halls.
 17218 | Lair:2   | Reached skill level 10 in Armour
 17218 | Lair:2   | Reached skill level 13 in Invocations
 17266 | Lair:2   | Reached skill level 10 in Shields
 17411 | Lair:2   | Reached ****** piety under Qazlal
 17785 | Lair:2   | You fall into a shaft and drop 1 floor!
 17812 | Lair:3   | Reached skill level 13 in Maces & Flails
 17904 | Lair:3   | Found a staircase to the Snake Pit.
 18592 | Lair:3   | Identified a scroll of acquirement
 18595 | Lair:3   | Got a dazzling crystal plate armour
 18606 | Lair:3   | Identified the +6 crystal plate armour of Pexu Sut {rF+
                  | MR+} (You acquired it on level 3 of the Lair of Beasts)
 18735 | Lair:4   | Reached skill level 14 in Invocations
 18755 | Lair:4   | Found a staircase to the Swamp.
 18805 | Lair:4   | Found a dark tunnel.
 18815 | Volcano  | Entered a volcano
 18852 | Volcano  | Gained mutation: You frequently emit foul miasma when
                  | damaged in melee. [demonic ancestry]
 18852 | Volcano  | Reached XP level 14. HP: 94/94 MP: 24/24
 18894 | Volcano  | Reached skill level 4 in Fighting
 19976 | Lair:5   | Reached skill level 11 in Shields
 20165 | Lair:5   | Found a staircase to the Slime Pits.
 20324 | Lair:5   | Reached skill level 5 in Fighting
 20535 | Lair:5   | Found the +3 pair of gauntlets of War {Slay+5}
 20835 | Lair:6   | Entered Level 6 of the Lair of Beasts
 21206 | Lair:6   | Reached skill level 15 in Invocations
 21219 | Lair:6   | Reached skill level 6 in Fighting
 21243 | Lair:6   | Found a burning altar of Makhleb.
 21250 | Lair:6   | Found a gateway to Hell.
 22181 | D:11     | Reached skill level 14 in Maces & Flails
 22207 | D:11     | Got a jewelled hat
 22237 | D:11     | Identified the +0 hat "Weshriul" {Str+4 Dex+2} (You found
                  | it on level 11 of the Dungeon)
 22363 | Snake:1  | Entered Level 1 of the Snake Pit
 23029 | Snake:1  | Got a polished shield
 23040 | Snake:1  | Identified the +3 shield "Geosev Asue" {+Inv Str+5 Stlth-}
                  | (You found it on level 1 of the Snake Pit)
 23096 | Snake:1  | Reached skill level 7 in Fighting
 23420 | Snake:2  | Noticed Agnes
 23426 | Snake:2  | Killed Agnes
 23485 | Snake:2  | Reached skill level 12 in Shields
 23485 | Snake:2  | Reached XP level 15. HP: 86/108 MP: 26/26
 23587 | Snake:2  | Reached skill level 8 in Fighting
 23763 | Snake:2  | Found Jiumoat's Weapon Emporium.
 23763 | Snake:2  | Identified the +8 long sword of Dust {antimagic, -Tele
                  | Str+3 Dex+2 SInv}
 25208 | D:13     | Reached skill level 9 in Fighting
 25223 | D:13     | Learned a level 2 spell: Blink
 25587 | D:14     | Reached skill level 1 in Spellcasting
 25587 | D:14     | Reached skill level 1 in Translocations
 25593 | D:14     | HP: 9/113 [ice dragon/blast of cold (51)]
 25595 | D:14     | Slain by a vampire mosquito

Action                   |  1- 3 |  4- 6 |  7- 9 | 10-12 | 13-15 || total
-------------------------+-------+-------+-------+-------+-------++-------
Melee: War axe           |    58 |       |       |       |       ||    58
       Whip              |    59 |   266 |   392 |   867 |   205 ||  1789
       Eveningstar       |       |       |       |       |   882 ||   882
Throw: Dart              |     6 |     1 |     3 |    47 |     9 ||    66
       Boomerang         |       |       |    17 |       |       ||    17
Invok: Upheaval          |       |       |       |     6 |    12 ||    18
       Disaster Area     |       |       |       |       |     2 ||     2
       Elemental Force   |       |       |       |       |     3 ||     3
 Abil: Evoke Flight      |       |       |       |       |     1 ||     1
Evoke: Wand              |       |       |       |    10 |     3 ||    13
  Use: Potion            |       |     1 |     1 |    10 |     7 ||    19
       Scroll            |       |     6 |    10 |     3 |    14 ||    33
 Stab: Distracted        |       |       |       |     4 |     4 ||     8
  Eat: Chunk             |     2 |     6 |     8 |    11 |     9 ||    36
       Ration            |       |     1 |     1 |     4 |     8 ||    14
Armor: Scale mail        |    64 |    50 |       |       |       ||   114
       Chain mail        |       |    65 |    95 |       |       ||   160
       Plate armour      |       |       |    40 |    57 |   129 ||   226
       Ring mail         |       |       |       |   117 |       ||   117
       Skin              |       |       |       |     9 |       ||     9
       Crystal plate arm |       |       |       |       |   312 ||   312
Dodge: Dodged            |    24 |    54 |    35 |   104 |   108 ||   325
       Deflected         |       |       |       |     6 |     6 ||    12
Block: Shield            |    49 |   106 |   146 |   471 |   937 ||  1709
       Reflection        |       |       |       |     9 |    39 ||    48
